 Dungeon Crawl Stone Soup version 0.27-a0-334-g52645efa06 (webtiles) character file.

Game seed: 15727924306901787067

125 inc the Vexing (level 4, -3/19 HPs)
             Began as a Felid Enchanter on Feb 13, 2021.
             Was a Plaything of Xom.
             Slain by an ice beast (12 damage)
             ... on level 5 of the Dungeon.
             The game lasted 00:09:35 (5528 turns).

inc the Vexing (Felid Enchanter)                    Turns: 5528, Time: 00:09:36

Health: -3/19      AC:  1    Str:  4    XL:     4   Next: 82%
Magic:  8/8        EV: 19    Int: 17    God:    Xom [.....*]
Gold:   301        SH:  0    Dex: 17    Spells: 1/7 levels left
                                        Lives:  0   Deaths: 1

rFire    . . .     SeeInvis +     - Unarmed
rCold    . . .     Faith    .   (shield unavailable)
rNeg     . . .     Spirit   .   (armour unavailable)
rPois    .         Reflect  .   (helmet unavailable)
rElec    .         Harm     .   (cloak unavailable)
rCorr    .         Rampage  .   (gloves unavailable)
Will     .....                  (boots unavailable)
Stlth    +++.......             (no amulet)
HPRegen  0.06/turn              (no ring)
MPRegen  0.11/turn              (no ring)

@: quick
A: very small, no armour, no weapons or thrown items, stealth, claws 1, fangs 3,
see invisible, speed 1, shaggy fur 1, sharp paws
a: Renounce Religion


You were on level 5 of the Dungeon.
You worshipped Xom.
You were Xom's teddy bear.
You visited 2 branches of the dungeon, and saw 6 of its levels.

You collected 301 gold pieces.

Inventory:

Wands
 e - a wand of flame (22)
Scrolls
 c - a scroll of blinking {unknown}
 h - 3 scrolls of teleportation {unknown}
 i - a scroll of amnesia {unknown}
 k - a scroll of holy word {unknown}
Potions
 a - a potion of mutation
 d - a potion of might
 f - a potion of degeneration
 g - a potion of ambrosia
 j - a potion of curing {unknown}


   Skills:
 - Level 1.8 Fighting
 - Level 3.9 Dodging
 - Level 4.0 Stealth
 - Level 4.0 Unarmed Combat
 - Level 2.0 Spellcasting
 + Level 6.1 Hexes


You had one spell level left.
You knew the following spells:

 Your Spells              Type           Power        Failure   Level
a - Corona                Hex            24%          1%          1
b - Ensorcelled Hibernat  Hex/Ice        24%          9%          2
c - Confusing Touch       Hex            22%          4%          3

Your spell library contained the following spells:

 Spells                   Type           Power        Failure   Level
 Tukima's Dance           Hex            22%          4%          3
 Dazzling Flash           Conj/Hex       24%          17%         3


Dungeon Overview and Level Annotations

Branches:
Dungeon (5/15)             Temple (1/1) D:4

Altars:
Ashenzari
Cheibriados
Elyvilon
Fedhas
Gozag
Hepliaklqana
Makhleb
Nemelex Xobeh
Qazlal
Trog
Uskayaw
Wu Jian
Xom
Zin

Annotations:
D:4 Grinder, Purgy
D:5 Dowan, Duvessa, Ijyb, Prince Ribbit


Innate Abilities, Weirdness & Mutations

You cannot wear armour.
You are incapable of wielding weapons or throwing items.
Your paws allow you to move quietly. (Stealth)
You have sharp claws.
You have razor-sharp teeth.
You have supernaturally acute eyesight. (SInv)
You cover ground quickly.
You are covered in fur. (AC +1)
Your sharp claws are effective at attacking unaware monsters.


Message History

Confirm with . or Enter, or press ? or * to list all spells.
Aiming: Ensorcelled Hibernation (safe; 9% risk of failure)
Press: ? - help, Shift-Dir - straight line, f - Duvessa
Aim: Duvessa, wielding a +0 short sword and wearing a +3 chain mail of cold resistance (not susceptible)
Okay, then.
There is a stone staircase leading up here.
Found a scroll labelled ATREMI TAUPSIGO.
h - 3 scrolls labelled ATREMI TAUPSIGO (gained 1)
Found 14 gold pieces.
You hear the brisk rusting of a very distant drain.
Found a translucent bronze amulet.
An ice beast comes into view.
You pounce on the unaware helpless ice beast!
You mangle the ice beast!!
The ice beast is almost dead.
The ice beast hits you. The ice beast freezes you.
You scratch the ice beast but do no damage.
The ice beast is almost dead.
The ice beast closely misses you.
You scratch the ice beast but do no damage.
The ice beast is almost dead.
The ice beast misses you.
You barely miss the ice beast.
You claw the ice beast, but do no damage.
The ice beast is almost dead.
The ice beast completely misses you.
You scratch the ice beast but do no damage.
The ice beast is almost dead.
The ice beast closely misses you.
You scratch the ice beast.
The ice beast is almost dead.
The ice beast completely misses you.
You scratch the ice beast but do no damage.
The ice beast is almost dead.
The ice beast misses you.
You barely miss the ice beast. Your bite misses the ice beast.
The ice beast is almost dead.
The ice beast hits you. The ice beast freezes you!
Ouch! That really hurt!
You die...

###.#######.######
#...........#
#.#.######..#
#.#...# #..#
#.#..... #.$#
####.#.#.##.#
#......#....#
#......"....
#...@...###.
#....Y......
####........
###.####. .# .# .#


You could see an ice beast.

Vanquished Creatures
  A centaur zombie (D:5)
  An orc priest (D:3)
  A worker ant (D:5)
  4 adders
  2 ufetubi (D:5)
  An ooze (D:2)
  2 worms (D:2)
  4 leopard geckos
  14 orcs
  3 giant cockroaches
  10 goblins
  6 hobgoblins
  7 jackals
  7 kobolds
  2 quokkas
  9 bats
  4 frilled lizards
  A quokka skeleton (D:4)
  10 rats
89 creatures vanquished.

Notes
Turn   | Place    | Note
-------+----------+-------------------------------------------
     0 | D:1      | inc the Felid Enchanter began the quest for the Orb.
     0 | D:1      | Reached XP level 1. HP: 7/7 MP: 4/4
   564 | D:1      | Reached XP level 2. HP: 3/11 MP: 4/6
  1214 | D:1      | Learned a level 2 spell: Ensorcelled Hibernation
  1726 | D:2      | Reached XP level 3. HP: 14/14 MP: 7/7
  2045 | D:2      | Found an opulent altar of Gozag.
  2667 | D:2      | Reached XP level 4. HP: 18/18 MP: 5/8
  3173 | D:3      | Reached skill level 1 in Fighting
  3815 | D:3      | Reached XP level 5. HP: 22/22 MP: 6/9
  4393 | D:4      | Noticed Purgy
  4393 | D:4      | Noticed Grinder
  4416 | D:3      | Learned a level 3 spell: Confusing Touch
  4657 | D:4      | Found a staircase to the Ecumenical Temple.
  4666 | Temple   | Entered the Ecumenical Temple
  4688 | Temple   | Became a worshipper of Xom of Chaos
  4691 | Temple   | XOM: silly message
  4958 | D:3      | HP: 1/22 [orc/+0 short sword (7)]
  4958 | D:3      | XOM: butterfly on damage
  5089 | D:5      | Entered Level 5 of the Dungeon
  5096 | D:5      | Noticed Prince Ribbit
  5108 | D:5      | Noticed Dowan
  5178 | D:5      | XOM: silly message
  5219 | D:5      | Reached skill level 5 in Hexes
  5278 | D:5      | Noticed Ijyb
  5303 | D:5      | XOM: cloud trail
  5335 | D:5      | Noticed an ogre
  5373 | D:5      | XOM: noise
  5377 | D:5      | Noticed Duvessa
  5434 | D:5      | XOM: cleaving
  5444 | D:5      | Reached skill level 6 in Hexes
  5445 | D:5      | Slain by a centaur zombie
  5446 | D:5      | Reached XP level 4. HP: -4/19 MP: 2/8
  5514 | D:5      | Noticed an ice beast
  5528 | D:5      | Slain by an ice beast

Illustrated notes

Levels and vault maps discovered:
D:1:      psy_arrival_dodecagon, layout_basic, minmay_pentomino_r2
D:2:      layout_basic, grunt_gozag_breadcrumbs
D:3:      layout_basic, hangedman_decor_points
D:4:      layout_rooms, marbit_many_paths, minmay_temple_entry_mini_moons,
          serial_curves, eino_curves_04, eino_curves_03, uniq_purgy,
          uniq_grinder, uniq_edmund
D:5:      layout_basic, gup_sewer_entry_bubbles, kennysheep_generic_room_16,
          uniq_duvessa, uniq_prince_ribbit1, uniq_ijyb
Temple:   eino_temple_water

Skill      XL: |  1  2  3  4  5 |
---------------+----------------+-----
Unarmed Combat | 2 3 4 |  4.0
Fighting       | 1 |  1.8
Dodging        | 3 |  3.9
Hexes          | 6 |  6.1
Stealth        | |  4.0
Spellcasting   | |  2.0

Action                   |  1- 3 |  4- 6 || total
-------------------------+-------+-------++-------
Melee: Unarmed           |    97 |   110 ||   207
       Bite              |     5 |    12 ||    17
       Punch             |       |     2 ||     2
 Cast: Corona            |     2 |       ||     2
       Ensorcelled Hiber |    16 |    55 ||    71
       Confusing Touch   |       |     2 ||     2
  Use: Scroll            |       |     3 ||     3
       Potion            |       |     1 ||     1
 Stab: Sleeping          |    29 |    30 ||    59
       Confused          |       |     3 ||     3
Armor: Skin              |     5 |     1 ||     6
Dodge: Dodged            |    54 |   161 ||   215

Table legend: (Time is in decaauts)
 A = Elapsed time spent in this place.
 B = Non-inter-level travel time spent in this place.
 C = Inter-level travel time spent in this place.
 D = Time resting spent in this place.
 E = Time spent auto-exploring this place.
 F = Levels seen in this place.
 G = Mean time per level.
                   A        B        C        D        E       F      G
               +--------+--------+--------+--------+--------+-----+--------+
         Total |   4955 |   4771 |    184 |   1114 |   2614 |   6 |  825.8 |
       Dungeon |   4899 |   4727 |    172 |   1114 |   2590 |   5 |  979.8 |
        Temple |     56 |     44 |     12 |      0 |     24 |   1 |   56.0 |
               +--------+--------+--------+--------+--------+-----+--------+

Top non-repeatable levels by time:
     D:1: 1525 daAuts
     D:2: 1368 daAuts
     D:3: 1338 daAuts
     D:5: 374 daAuts
     D:4: 293 daAuts
  Temple: 56 daAuts
